 Dungeon Crawl Stone Soup version 0.22.1-1-ga44c0e5 (webtiles) character file.

322 Starchild the Charmwright (level 6, 0/46 HPs)
             Began as a Barachi Skald on Oct 17, 2018.
             Slain by a howler monkey (4 damage)
             ... on level 4 of the Dungeon.
             The game lasted 00:15:56 (4137 turns).

Starchild the Charmwright (Barachi Skald)           Turns: 4137, Time: 00:15:59

Health: 0/46       AC:  5    Str: 12    XL:     6   Next: 47%
Magic:  4/10       EV: 12    Int: 15    God:
Gold:   205        SH:  0    Dex: 12    Spells: 2/10 levels left

rFire    . . .     SeeInvis .   a - +0 hand axe
rCold    . . .     Gourm    +   (no shield)
rNeg     . . .     Faith    .   b - +0 leather armour
rPois    .         Spirit   .   (no helmet)
rElec    .         Reflect  .   (no cloak)
rCorr    .         Harm     .   A - +0 pair of gloves
MR       .....                  n - +0 pair of boots
Stlth    +.........             h - amulet of the gourmand
HPRegen  0.15/turn              (no ring)
MPRegen  0.12/turn              (no ring)

@: singing, slow
A: +LOS, swims, slowness 1, strong legs 1
a: Hop


You were on level 4 of the Dungeon.
You were not hungry.

You visited 2 branches of the dungeon, and saw 5 of its levels.

You collected 205 gold pieces.

Inventory:

Hand Weapons
 a - a +0 hand axe (weapon)
Missiles
 m - 152 stones (quivered)
Armour
 b - a +0 leather armour (worn)
 n - a +0 pair of boots (worn)
 A - a +0 pair of gloves (worn)
Jewellery
 h - an amulet of the gourmand (around neck)
Wands
 y - a wand of enslavement (13)
 z - a wand of disintegration (10)
Scrolls
 c - a scroll of immolation {unknown}
 f - a scroll of identify
 g - 3 scrolls of enchant armour
 i - 2 scrolls of amnesia {unknown}
 j - a scroll of remove curse {unknown}
 k - a scroll of random uselessness {unknown}
 o - 3 scrolls of teleportation {unknown}
 t - a scroll of fog {unknown}
 w - a scroll of noise {unknown}
Potions
 e - a potion of curing
 l - 2 potions of magic
 p - a potion of degeneration {unknown}
 q - a potion of resistance {unknown}
 r - 2 potions of mutation
 s - a potion of heal wounds
 u - a potion of agility {unknown}
 v - a potion of cancellation {unknown}
 x - a potion of brilliance {unknown}
Comestibles
 d - 7 rations


   Skills:
 - Level 2.4 Fighting
 - Level 2.1 Axes
 - Level 1.2 Armour
 - Level 2.1 Dodging
 + Level 2.9 Spellcasting
 - Level 6.3 Charms
 - Level 3.4 Translocations


You had 2 spell levels left.
You knew the following spells:

 Your Spells              Type           Power        Failure   Level  Hunger
a - Infusion              Chrm           ###.         1%          1    #......
b - Song of Slaying       Chrm           ###.....     2%          2    ##.....
c - Shroud of Golubria    Chrm/Tloc      ###.......   4%          2    ##.....
d - Regeneration          Chrm/Necr      ##........   21%         3    ###....

Your spell library contained the following spells:

 Spells                   Type           Power        Failure   Level  Hunger
 Spectral Weapon          Hex/Chrm       ##......     21%         3    ###....


Dungeon Overview and Level Annotations

Branches:
Dungeon (4/15)             Temple (1/1) D:4

Altars:
Dithmenos
Elyvilon
Fedhas
Gozag
Hepliaklqana
Makhleb
Nemelex Xobeh
Okawaru
Ru
Trog
Uskayaw
Vehumet


Innate Abilities, Weirdness & Mutations

Shadows flee at your approach. (+LOS)
You can swim through water.
You cover ground slowly.
You can hop short distances.


Message History

* * * LOW HITPOINT WARNING * * *
You feel better. The hound bites you but does no damage.
The frilled lizard hisses.
The worker ant bites you.
* * * LOW HITPOINT WARNING * * *
The howler monkey hoots and howls with incredible vigour!
You hear an angry hiss.
You barely miss the hound.
The hound is severely wounded.
You hit the howler monkey. You barely miss the worker ant.
The hound bites you but does no damage.
The worker ant bites you but does no damage.
The howler monkey hits you.
* * * LOW HITPOINT WARNING * * *
The hound bites you.
* * * LOW HITPOINT WARNING * * *
The worker ant bites you.
* * * LOW HITPOINT WARNING * * *
The howler monkey hits you.
You die...

#..... ...#.# #..#.# #.....
#..#.# =. # #..#.#....# .#
#.o#.#....#
#.#############ahhl.....#
..............##@###......
..##.##.###.#.##.# #.#####.#
............#.##.# #.# .#
.###.##.#......#.# #.# .#
.###.##.#..###.#.###.#####.#.
.............................
####.##.#..#.....###.##.#...
#.##.#..#..#..###.##.#.####
#.......#.........##.#.##.####


You could see a howler monkey, a hound, a worker ant, an orc and a frilled
lizard.

Vanquished Creatures
  A bullfrog (D:3)
  A scorpion (D:4)
  A howler monkey (D:4)
  A hound (D:3)
  A worker ant (D:4)
  3 adders
  An ooze (D:1)
  3 dart slugs
  A leopard gecko (D:2)
  7 orcs (D:3)
  2 giant cockroaches (D:1)
  7 goblins
  10 hobgoblins
  5 jackals
  A ball python skeleton (D:2)
  9 bats
  3 frilled lizards
  10 kobolds
  7 rats
74 creatures vanquished.

Notes
Turn   | Place    | Note
-------+----------+-------------------------------------------
     0 | D:1      | Starchild the Barachi Skald began the quest for the Orb.
     0 | D:1      | Reached XP level 1. HP: 17/17 MP: 3/3
   414 | D:1      | Reached XP level 2. HP: 9/23 MP: 1/5
   423 | D:1      | Reached skill level 4 in Charms
   775 | D:1      | Learned a level 2 spell: Song of Slaying
  1029 | D:1      | Reached XP level 3. HP: 28/28 MP: 3/6
  1697 | D:2      | Reached skill level 5 in Charms
  1894 | D:2      | Learned a level 2 spell: Shroud of Golubria
  1917 | D:2      | Reached XP level 4. HP: 28/34 MP: 3/7
  2476 | D:3      | Noticed a bullfrog
  2485 | D:3      | Killed a bullfrog
  2485 | D:3      | Reached skill level 6 in Charms
  2485 | D:3      | Reached XP level 5. HP: 12/39 MP: 0/8
  2716 | D:3      | Reached skill level 1 in Translocations
  3254 | D:4      | Reached XP level 6. HP: 20/46 MP: 0/9
  3259 | D:4      | Learned a level 3 spell: Regeneration
  3580 | D:4      | Found a staircase to the Ecumenical Temple.
  3593 | Temple   | Entered the Ecumenical Temple
  4137 | D:4      | Slain by a howler monkey

Skill      XL: |  1  2  3  4  5 |
---------------+----------------+-----
Charms         | 4 5 6 |  6.3
Translocations | 3 |  3.4
Fighting       | |  2.4
Axes           | |  2.1
Armour         | |  1.2
Dodging        | |  2.1
Spellcasting   | |  2.9

Action                   |  1- 3 |  4- 6 || total
-------------------------+-------+-------++-------
Melee: Hand axe          |   137 |   120 ||   257
Throw: Stone             |     1 |     5 ||     6
 Cast: Infusion          |    20 |    16 ||    36
       Song of Slaying   |     1 |     4 ||     5
       Shroud of Golubri |       |     6 ||     6
  Use: Scroll            |     3 |     1 ||     4
       Potion            |       |     2 ||     2
  Eat: Chunk             |     5 |     9 ||    14
Armor: Leather armour    |    42 |    41 ||    83
Dodge: Dodged            |   105 |   106 ||   211
